 Dungeon Crawl Stone Soup version 0.21-a0-55-gb612c23 (webtiles) character file.

6132 grindst0ne the Covert (level 10, -1/63 HPs)
             Began as a Vampire Enchanter on June 15, 2017.
             Was a Believer of Kikubaaqudgha.
             Slain by a killer bee (9 damage)
             ... on level 9 of the Dungeon.
             The game lasted 00:39:27 (11908 turns).

grindst0ne the Covert (Vampire Enchanter)          Turns: 11908, Time: 00:39:27

Health: -1/63      AC:  0    Str:  7    XL:     10   Next: 59%
Magic:  0/13       EV: 26    Int: 19    God:    Kikubaaqudgha [**....]
Gold:   422        SH:  0    Dex: 27    Spells: 3/13 levels left

rFire    . . .     SeeInvis +   (weapon currently unavailable)
rCold    + + .     Gourm    .   (shield currently unavailable)
rNeg     + + +     Faith    .   (armour currently unavailable)
rPois    ∞         Spirit   +   (helmet currently unavailable)
rElec    .         Reflect  .   (cloak currently unavailable)
rCorr    .         Harm     .   (gloves currently unavailable)
MR       +....                  (boots currently unavailable)
Stlth    +++++++++.             h - amulet of guardian spirit
HPRegen  0.00/turn              (ring currently unavailable)
MPRegen  0.13/turn              (ring currently unavailable)

@: agile, bat-form, flying, bloodless, non-regenerating, very quick
A: fangs 3, see invisible
a: End Transformation, Receive Corpses, Renounce Religion


You were on level 9 of the Dungeon.
You worshipped Kikubaaqudgha.
Kikubaaqudgha was pleased with you.
You were bloodless.
You were in vampire-bat-form.
You visited 2 branches of the dungeon, and saw 10 of its levels.

You collected 422 gold pieces.

Inventory:

Hand Weapons
 j - a +3 dagger of electrocution (melded)
 x - a +0 rapier
 I - a +2 dagger of pain
Armour
 b - a +0 robe
 t - a +2 cloak of magic resistance (melded)
 y - a +3 leather armour of cold resistance (melded)
 B - a +1 helmet (melded)
Jewellery
 d - a +2 ring of intelligence (melded)
 h - an amulet of guardian spirit (around neck)
 i - an uncursed ring of positive energy
 F - the ring "Nophuug" {rF- MR+ Str+7 SInv}
   (You found it on level 5 of the Dungeon)

   [ring of see invisible]

   It affects your strength (+7).
   It makes you vulnerable to fire.
   It affects your resistance to hostile enchantments.
   It lets you see invisible.
Wands
 E - a wand of iceblast (8/15)
 M - a wand of lightning (6/15)
Scrolls
 a - 6 scrolls of identify {unknown}
 e - 3 scrolls of recharging {unknown}
 f - a scroll of teleportation
 g - a scroll of enchant armour
 k - 3 scrolls of fear {unknown}
 l - 3 scrolls of enchant weapon {unknown}
 o - 2 scrolls of remove curse
 p - 2 scrolls of magic mapping {unknown}
 r - a scroll of random uselessness {unknown}
 v - 2 scrolls of fog {unknown}
 D - 3 scrolls of immolation {unknown}
 K - 2 scrolls of blinking {unknown}
 O - a scroll of summoning {unknown}
 P - a scroll of amnesia {unknown}
Potions
 m - 4 potions of agility
 n - 5 potions of curing {unknown}
 q - 16 potions of blood
 s - 3 potions of flight {unknown}
 u - 3 potions of heal wounds {unknown}
 w - 4 potions of brilliance {unknown}
 z - 3 potions of lignification {unknown}
 A - 6 potions of haste {unknown}
 C - 2 potions of mutation {unknown}
 G - a potion of might {unknown}
 L - 2 potions of cancellation {unknown}
 N - a potion of berserk rage {unknown}
Books
 c - a book of Maledictions

   Spells                             Type                      Level
   a - Corona                         Hexes                        1
   b - Ensorcelled Hibernation        Hexes/Ice                    2
   c - Confuse                        Hexes                        3
   d - Tukima's Dance                 Hexes                        3
   e - Dazzling Spray                 Conjuration/Hexes            3
 H - Kikubaaqudgha's Guide on Sinister Magic
   (Kikubaaqudgha gifted it to you on level 6 of the Dungeon)

   Spells                             Type                      Level
   a - Animate Skeleton               Necromancy                   1
   b - Corpse Rot                     Necromancy                   2
   c - Sublimation of Blood           Necromancy                   2
   d - Vampiric Draining              Necromancy                   3
   e - Control Undead                 Necromancy                   4
 J - a book of Necromancy

   Spells                             Type                      Level
   a - Pain                           Necromancy                   1
   b - Animate Skeleton               Necromancy                   1
   c - Vampiric Draining              Necromancy                   3
   d - Regeneration                   Charms/Necromancy            3
   e - Animate Dead                   Necromancy                   4
   f - Control Undead                 Necromancy                   4


   Skills:
 + Level 6.2 Short Blades
 - Level 2.1 Dodging
 + Level 14.8 Stealth
 - Level 2.0 Spellcasting
 + Level 13.9 Hexes
 + Level 6.5 Necromancy


You had 3 spell levels left.
You knew the following spells:

 Your Spells              Type           Power        Failure   Level  Hunger
a - Confuse               Hex            ######..     1%          3    ###....
b - Ensorcelled Hibernat  Hex/Ice        ####..       1%          2    ###....
c - Tukima's Dance        Hex            ######..     1%          3    ###....
d - Animate Skeleton      Necr           N/A          1%          1    #......
o - Corona                Hex            ######.      1%          1    #......


Dungeon Overview and Level Annotations

Branches:
Dungeon (9/15)             Temple (1/1) D:5
   Lair: D:8-11         Orc: D:9-12

Altars:
Ashenzari
Cheibriados
Dithmenos
Elyvilon
Fedhas
Gozag
Hepliaklqana
Kikubaaqudgha
Makhleb
Nemelex Xobeh
Okawaru
Qazlal
Ru
Sif Muna
Trog
Uskayaw
Vehumet
Xom
Yredelemnul
Zin
The Shining One

Shops:
D:4 [%   D:8 }


Innate Abilities, Weirdness & Mutations

You do not heal naturally.
You are immune to poison.
You have razor-sharp teeth.
You have supernaturally acute eyesight. (SInv)
((You can survive without breathing.))


Message History

Your +3 leather armour of cold resistance melds into your body.
Your +2 ring of intelligence melds into your body.
Your +3 dagger of electrocution stops crackling.
You feel less resistant to hostile enchantments.
You feel less resistant to cold.
You feel stupid. The killer bee closely misses you. The bullfrog hits you!
The killer bee stings you!
* * * LOW HITPOINT WARNING * * *
The killer bee stings you.
* * * LOW HITPOINT WARNING * * *
The killer bee completely misses you. The killer bee completely misses you.
The killer bee completely misses you.
You feel agile all of a sudden. The killer bee completely misses you.
The killer bee stings you!
* * * LOW HITPOINT WARNING * * *
The killer bee stings you!
You die...
Kikubaaqudgha rasps: "You have failed me!
Welcome... oblivion!"

#.................##.....
#........................
#...............#........
#........########....÷...
#.......>.## ####........
#..........###...).....#.
#.......F..#†..##......#.
#..>....y................
#.......b...........#....
#.........(........##....
#............##....##....
#............##....# ....
###..........##....# ..
######.....##....#
#.....##....#
######.....##....#
##......######....#


You could see a bullfrog and a killer bee.

Vanquished Creatures
  A two-headed ogre (D:8)
  Maurice (D:8)
  A troll (D:8)
  A hippogriff (D:4)
  A wyvern (D:9)
  Eustachio (D:4)
  Menkaure (D:4)
  A hell hound (D:9)
  Duvessa (D:4)
  A water moccasin (D:9)
  A black bear (D:7)
  2 sky beasts
  2 orc warriors
  A hornet zombie (D:9)
  2 phantoms
  An ice beast (D:7)
  2 ogres
  3 centaurs
  A big kobold (D:7)
  A bullfrog (D:7)
  A gnoll sergeant (D:8)
  4 scorpions
  Dowan (D:4)
  3 killer bees (D:9)
  4 wights (D:8)
  3 howler monkeys (D:9)
  2 crimson imps
  A bullfrog zombie (D:9)
  A quasit (D:3)
  6 hounds
  Crazy Yiuf (D:2)
  2 bullfrog skeletons
  6 orc priests
  10 orc wizards
  Ijyb (D:5)
  8 worker ants
  A howler monkey zombie (D:7)
  6 gnolls
  A howler monkey skeleton (D:4)
  8 adders
  4 shadow imps
  A white imp (D:5)
  An ooze (D:2)
  An adder zombie (D:5)
  2 adder skeletons
  5 worms
  A dart slug (D:2)
  5 leopard geckos
  36 orcs
  8 bats
  11 giant cockroaches
  14 goblins
  6 hobgoblins
  18 jackals
  4 quokkas
  A ball python (D:1)
  3 frilled lizards
  A goblin skeleton (D:5)
  A goblin zombie (D:5)
  3 hobgoblin zombies (D:5)
  A jackal skeleton (D:4)
  18 kobolds
  A kobold skeleton (D:5)
  2 kobold zombies (D:5)
  4 orc skeletons (D:5)
  An orc zombie (D:5)
  6 rats
255 creatures vanquished.

Vanquished Creatures (collateral kills)
  A two-headed ogre (D:8)
  An ogre (D:7)
2 creatures vanquished.

Grand Total: 257 creatures vanquished

Notes
Turn   | Place    | Note
-------+----------+-------------------------------------------
     0 | D:1      | grindst0ne the Vampire Enchanter began the quest for the Orb.
     0 | D:1      | Reached XP level 1. HP: 13/13 MP: 3/3
   179 | D:1      | Reached XP level 2. HP: 19/19 MP: 5/5
   186 | D:1      | Learned a level 2 spell: Ensorcelled Hibernation
   288 | D:1      | Reached skill level 5 in Hexes
   333 | D:1      | Reached skill level 5 in Stealth
   942 | D:1      | Reached XP level 3. HP: 24/24 MP: 1/6
  1273 | D:2      | Learned a level 3 spell: Confuse
  1308 | D:2      | Found a faded altar of an unknown god.
  1344 | D:2      | Reached skill level 6 in Stealth
  1377 | D:2      | Reached XP level 4. HP: 24/30 MP: 4/7
  2611 | D:2      | Found a runed door.
  2677 | D:2      | Noticed Crazy Yiuf
  2681 | D:2      | Killed Crazy Yiuf
  2681 | D:2      | Reached skill level 7 in Stealth
  2681 | D:2      | Reached XP level 5. HP: 35/35 MP: 8/8
  3772 | D:3      | Reached skill level 8 in Stealth
  3772 | D:3      | Reached XP level 6. HP: 41/41 MP: 5/9
  3858 | D:3      | Found an opulent altar of Gozag.
  4187 | D:3      | Learned a level 3 spell: Tukima's Dance
  4981 | D:4      | Found Jeivathro's Armour Boutique.
  5015 | D:4      | Noticed Menkaure
  5022 | D:4      | Killed Menkaure
  5022 | D:4      | Reached skill level 9 in Stealth
  5022 | D:4      | Reached XP level 7. HP: 46/46 MP: 10/10
  5044 | D:4      | Found a bloodstained altar of Trog.
  5196 | D:4      | Noticed Eustachio
  5587 | D:4      | Killed Eustachio
  5596 | D:4      | Noticed a hippogriff
  5606 | D:4      | Killed a hippogriff
  5606 | D:4      | Reached skill level 10 in Stealth
  5736 | D:4      | Reached skill level 10 in Hexes
  5826 | D:4      | Found Xocoo's Food Shop.
  5899 | D:4      | Noticed Dowan
  5901 | D:4      | Noticed Duvessa
  5906 | D:4      | Killed Dowan
  5948 | D:4      | Killed Duvessa
  5948 | D:4      | Reached skill level 11 in Stealth
  5948 | D:4      | Reached XP level 8. HP: 52/52 MP: 4/11
  6164 | D:5      | Entered Level 5 of the Dungeon
  6173 | D:5      | Found a staircase to the Ecumenical Temple.
  6183 | Temple   | Entered the Ecumenical Temple
  6251 | Temple   | Became a worshipper of Kikubaaqudgha
  6488 | D:5      | Noticed Ijyb
  6496 | D:5      | Killed Ijyb
  6528 | D:5      | Got a twitching wooden ring
  6595 | D:5      | Found a radiant altar of Vehumet.
  6595 | D:5      | Found a glowing silver altar of Zin.
  6761 | D:5      | Found a deep blue altar of Sif Muna.
  6762 | D:5      | Found a snail-covered altar of Cheibriados.
  6938 | D:5      | Reached skill level 12 in Stealth
  6976 | D:5      | Found a glowing golden altar of the Shining One.
  7737 | D:6      | Reached * piety under Kikubaaqudgha
  7737 | D:6      | Identified Kikubaaqudgha's Guide on Sinister Magic (Kikubaaqudgha gifted it to you on level 6 of the Dungeon)
  7737 | D:6      | Received a gift from Kikubaaqudgha
  7840 | D:6      | Learned a level 1 spell: Animate Skeleton
  7890 | D:6      | Found a hazy altar of Hepliaklqana.
  7944 | D:6      | Identified the ring "Nophuug" {rF- MR+ Str+7 SInv} (You found it on level 5 of the Dungeon)
  7965 | D:6      | Found a hide-covered altar of Uskayaw.
  8261 | D:6      | Reached skill level 1 in Necromancy
  8378 | D:6      | Found a snail-covered altar of Cheibriados.
  8545 | D:7      | Reached XP level 9. HP: 46/57 MP: 3/12
  8830 | D:7      | Reached skill level 13 in Stealth
  8981 | D:7      | Found a basalt altar of Yredelemnul.
  9885 | D:8      | Reached ** piety under Kikubaaqudgha
  9991 | D:8      | Noticed Maurice
  9995 | D:8      | Killed Maurice
 10337 | D:8      | Noticed a troll
 10596 | D:8      | Noticed a two-headed ogre
 10608 | D:8      | Killed a two-headed ogre
 10608 | D:8      | Reached skill level 5 in Short Blades
 10608 | D:8      | Reached skill level 14 in Stealth
 10608 | D:8      | Reached XP level 10. HP: 63/63 MP: 1/13
 10697 | D:8      | Reached skill level 5 in Necromancy
 10856 | D:8      | Found Plog's Gadget Boutique.
 10958 | D:8      | Noticed a two-headed ogre
 10961 | D:8      | Killed a two-headed ogre
 11908 | D:9      | Slain by a killer bee

Vault maps used:
D:1:      dpeg_arrival_pits
D:2:      wad_river_or_something, chequers_ecumenical_altar_simple_redux,
          uniq_crazy_yiuf_cottage
D:3:      nicolae_overflow_hidden_temple,
          nicolae_gozag_cash_rules_everything_around_me
D:4:      lemuel_round_altar, serial_shops, shop, shop, uniq_menkaure,
          uniq_duvessa, uniq_eustachio
D:5:      gammafunk_temple_overflow_statue,
          chequers_temple_overflow_statue_of_worship,
          nicolae_tso_besieged_by_evil, minmay_temple_entry_statues_pillars,
          first_bread, hangedman_decor_opposing, nrook_uturn, uniq_ijyb
D:6:      kennysheep_little_box, lemuel_crystal_altar, cheibrodos_worm_habitat
D:7:      yredelemnul_altar_generic
D:8:      serial_shops, shop, uniq_maurice
D:9:      minmay_lair_entry_lava
Temple:   nicolae_temple_no_exploring_needed

Skill      XL: |  1  2  3  4  5  6  7  8  9 10 |
---------------+-------------------------------+-----
Hexes          | 5 7 8 10 12 13 | 13.9
Stealth        | 5 6 7 8 9 11 12 14 | 14.8
Necromancy     | 1 4 6 |  6.5
Short Blades   | 2 5 6 |  6.2
Dodging        | |  2.1
Spellcasting   | |  2.0

Action                   |  1- 3 |  4- 6 |  7- 9 | 10-12 || total
-------------------------+-------+-------+-------+-------++-------
Melee: Dagger            |    92 |   120 |   229 |    53 ||   494
       Bite              |     8 |     5 |    13 |     4 ||    30
 Cast: Ensorcelled Hiber |    16 |    68 |    60 |    27 ||   171
       Confuse           |       |     1 |    34 |     6 ||    41
       Tukima's Dance    |       |       |     6 |       ||     6
 Abil: Bat Form          |       |     1 |     3 |     2 ||     6
       End Transformatio |       |     1 |     3 |     1 ||     5
  Use: Potion            |       |     4 |     4 |     1 ||     9
       Scroll            |       |     3 |     3 |       ||     6
 Stab: Sleeping          |    21 |    52 |    52 |    26 ||   151
       Distracted        |     1 |     2 |     1 |       ||     4
       Confused          |       |     1 |     9 |     2 ||    12
Armor: Robe              |    11 |    15 |    12 |       ||    38
       Leather armour    |       |       |    41 |    22 ||    63
Dodge: Dodged            |    43 |    80 |   131 |    45 ||   299
